 Dungeon Crawl Stone Soup version bcrawl-1.31.3 (webtiles) character file.

Game seed: 17288365552135535497

220891 Artagas the Slicer (level 8, -1/52 (55) HPs)
             Began as a Kobold Chaos Knight on Apr 30, 2021.
             Was a Plaything of Xom.
             Engulfed by a death drake's foul pestilence (6 damage)
             ... on level 5 of the Dungeon.
             The game lasted 00:16:43 (4704 turns).

Artagas the Slicer (Kobold Chaos Knight)            Turns: 4704, Time: 00:16:44

HP:   -1/52 (55)    AC:  7    Str: 11    XL:     8   Next: 41%
MP:   8/8           EV: 19    Int: 14    God:    Xom [*.....]
Gold: 75            SH:  0    Dex: 23    Spells: 7/7 levels left

rFire    . . .     SeeInvis .   b - +4 dagger (chaos)
rCold    . . .     Gourm    .   (shield restricted)
rNeg     . . .     Faith    .   c - +2 ring mail {rPois}
rPois    +         Spirit   .   (no helmet)
rElec    .         Reflect  .   (no cloak)
rCorr    .         Harm     .   (no gloves)
MR       .....                  (no boots)
Stlth    +++.......             (no amulet)
HPRegen  0.00/turn              y - +8 ring of dexterity
MPRegen  0.11/turn              u - +4 ring of evasion

@: non-regenerating, diseased, slowed, drained, very slow
A: small, talons 1, carnivore, mutation resistance 1, sense surroundings 2
a: Renounce Religion


You were on level 5 of the Dungeon.
You worshipped Xom.
You were a special plaything of Xom.
You were very full.

You visited 1 branch of the dungeon, and saw 5 of its levels.

You collected 239 gold pieces.
You spent 164 gold pieces at shops.

Inventory:

Hand Weapons
 a - a +0 hand crossbow
   (You found it on level 3 of the Dungeon)
 b - a +4 dagger of chaos (weapon)
   (You took it off a kobold on level 2 of the Dungeon)
 f - a +0 short sword
   (You took it off a kobold on level 1 of the Dungeon)
 g - a +0 short sword of chaos
 l - a +0 falchion
   (You took it off a kobold on level 1 of the Dungeon)
 o - a +0 dagger of draining
   (You took it off a kobold on level 2 of the Dungeon)
 B - a +2 dagger of protection
   (You found it on level 2 of the Dungeon)
 G - a +2 flail of draining
   (You took it off Edmund on level 4 of the Dungeon)
Missiles
 j - 578 stones (quivered)
 k - 71 curare-tipped needles
 m - 154 sling bullets
 p - 103 bolts
Armour
 c - a +2 ring mail of poison resistance (worn)
   (You found it on level 1 of the Dungeon)
 A - the +4 scale mail of Indomitability {rElec rC- Dex+2}
   (You found it on level 4 of the Dungeon)

   It affects your dexterity (+2).
   It makes you vulnerable to cold.
   It insulates you from electricity.
Jewellery
 u - a +4 ring of evasion (right hand)
   (You found it on level 5 of the Dungeon)
 v - an uncursed ring of magical power
   (You found it on level 2 of the Dungeon)
 y - a +8 ring of dexterity (left hand)
   (You found it on level 4 of the Dungeon)
Wands
 z - a wand of random effects (5)
   (You found it on level 4 of the Dungeon)
Scrolls
 d - a scroll of enchant armour
 i - 2 scrolls of enchant weapon
 n - a scroll of magic mapping {unknown}
 t - 4 scrolls of teleportation
 w - 2 scrolls of remove curse
 D - a scroll of amnesia
 E - 2 scrolls of immolation
Potions
 q - a potion of curing
 s - a potion of agility
 F - a potion of lignification
Comestibles
 e - 10 rations {!d}


   Skills:
 + Level 5.3(4.6) Fighting
 - Level 8.0(7.2) Short Blades
 - Level 4.0(3.3) Crossbows
 - Level 1.0(0.4) Armour
 + Level 4.4(3.8) Dodging
 - Level 6.0(5.3) Stealth


You had 7 spell levels left.
You didn't know any spells.
Your spell library was empty.

Dungeon Overview and Level Annotations

Branches:
Dungeon (5/12)
 Temple: D:4-7

Altars:

Shops:
D:4 *   D:5 =

Annotations:
D:3 Grinder


Innate Abilities, Weirdness & Mutations

You are small and have problems with some larger weapons.
You have sharp toenails.
You are carnivorous and can eat meat at any time.
You are somewhat resistant to further mutation.
You passively map the area around you.


Message History

The quasit claws you but does no damage.
You miss the quasit. You claw the quasit, but do no damage.
The quasit is almost dead.
The quasit closely misses you. x3
You hit the quasit but do no damage. Your kick misses the quasit.
The quasit is almost dead.
You hit the quasit but do no damage. Lightning courses through the quasit!
You kill the quasit!
An orc comes into view. It is wielding a +0 short sword.
An orc is nearby!
You barely miss the orc. You hit the orc.
The orc appears confused.
The orc is heavily wounded.
The orc gestures wildly.
The orc closely misses you.
You puncture the orc!
You kill the orc!
You see here a +0 short sword.
Found a stone staircase leading down.
You see here a chain mail.
There is a stone staircase leading down here.
Xom's malign attention turns to you for a moment.
Your body is wracked with pain!
You start resting.
HP restored.
You start waiting.
Done waiting.
Found a stone staircase leading down.
i - 2 scrolls of enchant weapon (gained 1)
You see here a whip.
A hippogriff comes into view.
You have encountered a dangerous foe!
a - a +0 hand crossbow (weapon)
The hippogriff flaps its wings!
You hurl suddenly forward!
The hippogriff barely misses you.
The hippogriff pecks you but does no damage.
The hippogriff claws you.
Your +4 dagger of chaos is briefly surrounded by a scintillating aura of random colours.
b - a +4 dagger of chaos (weapon)
You hit the hippogriff.
The hippogriff is poisoned.
The hippogriff is lightly wounded.
The hippogriff bites you but does no damage.
The hippogriff pecks you. The hippogriff completely misses you.
You hit the hippogriff. You burn the hippogriff.
The hippogriff is moderately wounded. "Hum-dee-hum-dee-hum..."
The hippogriff seems to grow stronger.
You are now a special plaything of Xom.
You hit the hippogriff.
The hippogriff evaporates and reforms as a death drake!
You claw the death drake.
The death drake is lightly wounded.
You hit the death drake but do no damage.
The death drake seems to speed up.
You claw the death drake.
The death drake is lightly wounded.
Okay, then.
You hit the death drake. You burn the death drake.
Your kick misses the death drake.
The death drake is lightly wounded.
The death drake seems less confused.
The death drake breathes miasma at you. The foul vapour engulfs you!
The death drake bites you!
Okay, then.
Okay, then.
Press: ? - help, v - describe, . - travel
There is a cloud of foul pestilence here.
Unknown command.
As you read the scroll of fear, it crumbles to dust.
You assume a fearsome visage.
The death drake looks frightened!
You are engulfed in dark miasma.
You are poisoned.
* * * LOW HITPOINT WARNING * * *
You feel sick.
You feel better.
You are engulfed in dark miasma.
You are engulfed in dark miasma.
You feel your flesh rotting away!
Cornered, the death drake turns to fight!
The death drake breathes miasma at you.
As you read the scroll of teleportation, it crumbles to dust.
You feel strangely unstable.
Your surroundings suddenly seem different.
Xom roars with laughter!
The death drake breathes miasma at you. The foul vapour engulfs you!
You feel your flesh rotting away!
You feel yourself slow down.
* * * LOW HITPOINT WARNING * * *
Press: ? - help, v - describe, . - travel, g - get item You see here a potion of curing.
Press: ? - help, v - describe, . - travel
Here: a death drake (foul pestilence, lightly wounded, fast, catching its breath)
Okay, then.
Okay, then.
As you read the scroll labeled ZEADAO MUIGYE, it crumbles to dust.
The scroll dissolves into smoke.
It was a scroll of fog.
You are engulfed in dark miasma.
You feel your flesh rotting away!
You feel ill.
You die...
Xom bursts into laughter!

** ***
.............#...<#.#.
*
.....!.......#....#.##
* *,
............#....#.##
,,
.......!°...#....#.##
* * *
**#........#..###.## ,
#○○......#........ *
#○○......##.###.##
#k#########.# #.# ,*
#@# #.# #.# *
#○#########.###.#
#○○.............# * *
###########.######
,.........).... *
*#######.###### * #.#
#.# #.#


You could see a death drake.

Vanquished Creatures
  A hungry ghost (D:3)
  A golden eye (D:3)
  Edmund (D:4)
  2 ogres (D:4)
  A scorpion (D:3)
  A crimson imp (D:4)
  A jelly (D:5)
  A quasit (D:5)
  An orc priest (D:4)
  A bullfrog skeleton (D:5)
  A hound (D:4)
  An orc wizard (D:5)
  A worker ant (D:4)
  A hound zombie (D:5)
  3 adders
  A shadow imp (D:4)
  2 worms
  4 leopard geckos
  13 orcs
  3 giant cockroaches
  2 goblins (D:1)
  7 hobgoblins
  6 jackals
  7 kobolds
  5 quokkas
  3 ball pythons
  8 bats
  3 frilled lizards
  2 rats (D:2)
84 creatures vanquished.

Notes
Turn   | Place    | Note
-------+----------+-------------------------------------------
     0 | D:1      | Artagas the Kobold Chaos Knight began the quest for the
                  | Orb.
     0 | D:1      | Reached XP level 1. HP: 16/16 MP: 1/1
   109 | D:1      | XOM is BORED!
   109 | D:1      | XOM: harmless Hex miscast
   209 | D:1      | Reached XP level 2. HP: 21/21 MP: 2/2
   280 | D:1      | Reached skill level 1 in Stealth
   611 | D:1      | Reached XP level 3. HP: 26/26 MP: 3/3
   784 | D:1      | XOM: divination: detect items
  1153 | D:2      | Reached skill level 5 in Short Blades
  1298 | D:2      | XOM is BORED!
  1298 | D:2      | XOM: chaos upgrade
  1447 | D:2      | XOM: mild Tmut miscast
  1508 | D:2      | Reached skill level 2 in Stealth
  1750 | D:2      | XOM: cloud trail
  1810 | D:2      | Reached XP level 4. HP: 33/33 MP: 4/4
  2017 | D:3      | Noticed Grinder
  2182 | D:3      | Reached skill level 4 in Fighting
  2182 | D:3      | Reached skill level 6 in Short Blades
  2182 | D:3      | Reached skill level 3 in Stealth
  2182 | D:3      | Reached XP level 5. HP: 37/37 MP: 5/5
  2435 | D:3      | XOM: 5-stop teleportation journey
  2540 | D:3      | XOM: scenery: 1 doors close
  2552 | D:3      | Noticed a sky beast
  2573 | D:3      | Noticed a golden eye
  2573 | D:3      | a sky beast changed into a golden eye
  2573 | D:3      | XOM: polymorph sky beast -> golden eye
  2578 | D:3      | Killed a golden eye
  2579 | D:3      | Reached skill level 4 in Stealth
  2579 | D:3      | Reached skill level 7 in Short Blades
  2579 | D:3      | Reached skill level 5 in Stealth
  2579 | D:3      | Reached XP level 6. HP: 43/43 MP: 6/6
  2633 | D:3      | Noticed a hungry ghost
  2636 | D:3      | Killed a hungry ghost
  2637 | D:3      | Reached skill level 3 in Dodging
  2637 | D:3      | Reached XP level 7. HP: 49/49 MP: 7/7
  2687 | D:3      | XOM: medium Hex miscast
  2961 | D:3      | XOM: mild Air miscast
  3209 | D:4      | Got a heavily runed scale mail
  3529 | D:4      | XOM: mild Necr miscast
  3533 | D:4      | Reached skill level 6 in Stealth
  3639 | D:4      | Noticed Edmund
  3652 | D:4      | XOM: blink monster(s)
  3665 | D:4      | Reached skill level 5 in Fighting
  3665 | D:4      | Reached skill level 4 in Dodging
  3665 | D:4      | Reached skill level 1 in Crossbows
  3694 | D:4      | Reached skill level 3 in Crossbows
  3698 | D:4      | Reached XP level 8. HP: 55/55 MP: 8/8
  3708 | D:4      | Found Kytua's General Store.
  3716 | D:4      | Bought a scroll of fear for 55 gold pieces
  3716 | D:4      | Bought a scroll of amnesia for 38 gold pieces
  3716 | D:4      | Bought a scroll of immolation for 38 gold pieces
  3716 | D:4      | Bought a potion of lignification for 33 gold pieces
  3732 | D:4      | XOM: blink monster(s)
  3764 | D:4      | Killed Edmund
  3765 | D:4      | Reached skill level 4 in Crossbows
  3963 | D:5      | Entered Level 5 of the Dungeon
  4106 | D:5      | Identified the +4 scale mail of Indomitability {rElec rC-
                  | Dex+2} (You found it on level 4 of the Dungeon)
  4183 | D:5      | XOM: medium Hex miscast
  4194 | D:5      | Found Osuum's Jewellery Shop.
  4226 | D:5      | Reached skill level 8 in Short Blades
  4396 | D:5      | XOM: torment (29/55 hp)
  4686 | D:5      | Noticed a hippogriff
  4690 | D:5      | XOM: enchant monster (bad)
  4691 | D:5      | Noticed a death drake
  4691 | D:5      | a hippogriff changed into a death drake
  4703 | D:5      | HP: 5/53 [death drake/foul vapour (17)]
  4704 | D:5      | Engulfed by a death drake's foul pestilence

Skill      XL: |  1  2  3  4  5  6  7  8 |
---------------+-------------------------+-----
Stealth        | 1 2 3 5 6 |  6.0
Short Blades   | 5 6 7 8 |  8.0
Fighting       | 4 5 |  5.3
Dodging        | 3 4 |  4.4
Crossbows      | 3 4 |  4.0
Armour         | |  1.0

Action                   |  1- 3 |  4- 6 |  7- 9 || total
-------------------------+-------+-------+-------++-------
Melee: Short sword       |    73 |       |       ||    73
       Kick              |    18 |     4 |    19 ||    41
       Dagger            |    16 |    41 |    78 ||   135
 Fire: Hand crossbow     |       |       |    23 ||    23
Throw: Stone             |     9 |     7 |    10 ||    26
  Use: Scroll            |     2 |     3 |     4 ||     9
       Potion            |       |       |     1 ||     1
 Stab: Sleeping          |     2 |     3 |       ||     5
       Distracted        |       |     1 |     1 ||     2
       Confused          |       |     1 |       ||     1
       Paralysed         |       |       |     1 ||     1
  Eat: Chunk             |    13 |     3 |     8 ||    24
Armor: Leather armour    |    20 |       |       ||    20
       Ring mail         |       |     7 |    15 ||    22
Dodge: Dodged            |    64 |    15 |    36 ||   115

Levels and vault maps discovered:
D:1:      dpeg_arrival_rooms_b, layout_loops_ring
D:2:      layout_basic, first_ration
D:3:      layout_basic, nrook_campfire, nrook_mini_vaults, uniq_grinder
D:4:      layout_basic, serial_shops, shop, uniq_edmund
D:5:      layout_basic, minmay_temple_entry_fiery, serial_shops, shop,
          kennysheep_windowed_goal

Table legend:
 A = Turns spent in this place as a percentage of turns spent in the entire game.
 B = Non-inter-level travel turns spent in this place as a percentage of non-inter-level travel turns spent in the entire game.
 C = Inter-level travel turns spent in this place as a percentage of turns spent in this place.
 D = Turns resting spent in this place as a percentage of non-inter-level travel turns spent in this place.
 E = Turns spent auto-exploring this place as a percentage of non-inter-level travel turns spent in this place.
 F = Non-inter-level travel turns spent in this place divided by the number of levels of this place that you've seen.
                   A       B       C       D       E      F
               +-------+-------+-------+-------+-------+----------------------
         Total | 100.0 | 100.0 |   3.1 |  18.3 |  60.2 | 911.2
       Dungeon | 100.0 | 100.0 |   3.1 |  18.3 |  60.2 | 911.2
               +-------+-------+-------+-------+-------+----------------------

Table legend:
 A = Kills in this place as a percentage of kills in entire the game.
 B = Kills by you in this place as a percentage of kills by you in the entire game.
 C = Kills by friends in this place as a percentage of kills by friends in the entire game.
 D = Other kills in this place as a percentage of other kills in the entire game.
 E = Experience gained in this place as a percentage of experience gained in the entire game.
 F = Experience gained in this place divided by the number of levels of this place that you have seen.
                   A       B       C       D       E      F
               +-------+-------+-------+-------+-------+----------------------
         Total | 100.0 | 100.0 |   N/A |   N/A | 100.0 | 282.0
       Dungeon | 100.0 | 100.0 |   N/A |   N/A | 100.0 | 282.0
               +-------+-------+-------+-------+-------+----------------------
